Map: Overgrown Facility

Players

OpuS - Winner!

  • Race: Protoss Protoss
  • League: Platinum
  • Spawn Location: 1:00

Sketchaphone - Winner!

  • Race: Zerg Zerg
  • League: Platinum
  • Spawn Location: 3:00

CMoney

  • Race: Protoss Protoss
  • Spawn Location: 9:00

Subtle

  • Race: Protoss Protoss
  • Spawn Location: 7:00

VOD

Have the link to the VOD?

Description

Time

  • Played on: Feb. 16, 2019, 9:48 p.m.
  • Length: 6:45
Show
View Real Time Build Order
Export as new Build Order

OpuS Protoss - Winner!

Build Orders:  

Get SALT Encoding   

  12  0:01  Probe  
  13  0:13  Probe  
  14  0:18  Pylon  
  14  0:25  Probe  
  15  0:39  Probe  
  15  0:41  Gateway  
  16  0:47  Probe  
  17  0:57  Probe  
  17  0:59  Assimilator  
  17  1:01  Assimilator  
  18  1:09  Probe  
  19  1:14  Gateway  
  19  1:19  Probe  
  20  1:27  Probe  
  21  1:37  Forge  
  21  1:56  Cybernetics Core  
  21  1:58  Pylon  
  21  2:01  Pylon  
  21  2:33  Probe  
  21  2:34  Stalker, Nexus  
  22  2:42  Warp Gate  
  24  2:50  Stalker  
  25  2:58  Pylon  
  25  3:10  Robotics Facility  
  25  3:18  Stalker  
  27  3:23  Stalker  
  29  3:35  Gateway  
  29  3:40  Protoss Ground Weapons Level 1  
  29  4:01  Immortal  
  34  4:02  Probe  
  34  4:04  Probe  
  35  4:17  Shield Battery  
  35  4:19  Probe x2  
  37  4:31  Stalker  
  37  4:33  Stalker  
  41  4:46  Immortal  
  43  4:56  Probe x2  
  43  5:08  Probe x2  
  45  5:18  Stalker  
  45  5:19  Stalker  
  49  5:22  Probe x2  
  49  5:25  Pylon  
  51  5:29  Stalker  
  53  5:44  Zealot x2  
  57  5:52  Probe x2, Gateway  
  59  5:59  Immortal  
  63  6:04  Pylon  
  63  6:19  Probe x2  
  63  6:24  Pylon  
  65  6:29  Twilight Council  
  65  6:31  Probe x2  
Show
View Real Time Build Order
Export as new Build Order

Sketchaphone Zerg - Winner!

Build Orders: Hatch First 

Get SALT Encoding   

  12  0:01  Drone  
  13  0:12  Overlord  
  13  0:18  Drone  
  14  0:31  Drone x2  
  14  0:34  Drone  
  17  0:56  Hatchery  
  16  1:00  Drone  
  16  1:01  Drone  
  18  1:07  Extractor  
  17  1:19  Spawning Pool  
  17  1:20  Drone  
  17  1:23  Drone  
  18  1:28  Drone  
  19  1:39  Overlord  
  19  1:52  Drone  
  20  2:04  Drone  
  20  2:07  Queen  
  20  2:08  Queen  
  23  2:14  Drone  
  23  2:15  Zergling x2  
  27  2:21  Metabolic Boost  
  27  2:29  Roach Warren  
  26  2:32  Drone  
  26  2:33  Drone  
  26  2:35  Drone  
  29  2:39  Drone  
  30  2:46  Overlord  
  30  2:49  Drone  
  31  2:51  Drone  
  31  2:54  Drone  
  33  3:02  Overlord  
  33  3:15  Roach  
  33  3:17  Roach  
  33  3:18  Roach x2  
  41  3:23  Drone  
  41  3:24  Roach  
  44  3:29  Zergling x2  
  44  3:30  Zergling x2  
  46  3:35  Overlord  
  46  3:37  Roach  
  48  3:41  Drone  
  48  3:43  Roach  
  51  3:55  Roach x4  
  59  4:03  Overlord  
  59  4:04  Drone  
  59  4:08  Overlord  
  60  4:18  Overlord  
  60  4:21  Overlord  
  60  4:22  Zergling x6  
  63  4:25  Drone  
  64  4:33  Overlord  
  64  4:59  Zergling x14  
  66  5:12  Hatchery  
  65  5:17  Zergling x4  
  67  5:21  Drone x2  
  64  5:30  Zergling x2  
  58  5:45  Zergling x10  
  58  5:47  Hatchery  
  62  5:51  Evolution Chamber  
  61  6:07  Zergling x14  
  67  6:11  Zergling x2  
  71  6:22  Zergling x8  
Show
View Real Time Build Order
Export as new Build Order

CMoney Protoss 

Build Orders:  

Get SALT Encoding   

  12  0:01  Probe  
  13  0:13  Probe  
  14  0:34  Probe  
  15  0:40  Assimilator  
  15  0:46  Pylon  
  15  0:56  Assimilator  
  15  1:04  Probe  
  16  1:15  Nexus  
  16  1:17  Probe  
  16  1:25  Probe  
  18  1:38  Gateway  
  18  1:46  Pylon, Probe  
  19  1:54  Probe  
  20  2:10  Probe  
  21  2:22  Probe  
  22  2:26  Cybernetics Core  
  22  2:34  Probe  
  22  2:36  Probe  
  24  2:56  Pylon  
  24  3:12  Pylon  
  24  3:15  Probe  
  24  3:19  Probe  
  26  3:23  Probe  
  27  3:46  Stargate  
  27  3:49  Stargate  
  27  3:50  Protoss Air Weapons Level 1  
  27  3:55  Stargate  
  27  4:00  Assimilator  
  27  4:02  Probe x2  
  29  4:03  Assimilator  
  29  4:09  Forge  
  29  4:14  Probe  
  30  4:24  Pylon  
  30  4:26  Pylon  
  30  4:28  Pylon  
  30  4:29  Pylon  
  38  4:39  Pylon  
  38  4:45  Pylon  
Show
View Real Time Build Order
Export as new Build Order

Subtle Protoss 

Build Orders: 1 Gate Expand, Blink Stalkers 

Get SALT Encoding   

  12  0:00  Probe  
  13  0:13  Probe  
  14  0:24  Pylon  
  14  0:27  Probe  
  15  0:40  Probe  
  16  0:46  Gateway  
  16  0:48  Probe  
  16  0:53  Assimilator  
  16  0:56  Probe  
  18  1:08  Probe  
  19  1:21  Probe  
  20  1:33  Probe  
  20  1:34  Cybernetics Core  
  21  1:44  Nexus  
  21  1:53  Zealot  
  23  1:59  Assimilator  
  23  2:10  Warp Gate  
  23  2:19  Pylon  
  23  2:33  Twilight Council  
  23  2:37  Stalker, Probe  
  26  2:47  Blink  
  26  2:49  Probe  
  27  2:58  Gateway  
  27  3:00  Gateway  
  27  3:01  Probe  
  28  3:08  Probe  
  29  3:13  Probe  
  29  3:16  Probe  
  30  3:24  Probe  
  30  3:26  Probe  
  32  3:31  Stalker  
  35  3:35  Probe  
  36  3:47  Gateway  
  36  3:49  Gateway  
  36  3:50  Probe x2  
  38  3:58  Probe  
  38  3:59  Probe  
  39  4:09  Stalker x2  
  44  4:13  Sentry  
  46  4:35  Pylon  
  46  4:37  Pylon  
  44  5:07  Stalker  
  44  5:08  Stalker x4  
  44  5:14  Probe x2  
  54  5:15  Robotics Facility  
  54  5:17  Assimilator  
  54  5:19  Assimilator  
  56  5:22  Probe x2  
  56  5:32  Probe x2  
  58  5:46  Stalker x2  
  62  5:50  Pylon  
  62  5:52  Pylon  
  62  5:54  Pylon  
  62  5:55  Pylon  
  62  5:59  Forge  
  62  6:05  Forge  
  62  6:08  Warp Prism  
  62  6:10  Stalker  
  62  6:11  Stalker x2  
  68  6:12  Stalker x2  
  72  6:20  Gateway  
  72  6:21  Gateway  
  72  6:23  Probe  
  74  6:27  Probe  
  74  6:31  Probe  
Tags
 
Add a new tag
Caveats
  • Supply blocks, unpowered buildings, or Contaminate may cause inaccurate times.
  • Supply counts are checked every 10 seconds.